 Dungeon Crawl Stone Soup version 0.30.0-10-gfe55d96785 (webtiles) character file.

Game seed: 5320623185063161750

2775 Spectrina the Photosynthesist (level 10, -4/72 HPs)
             Began as a Human Monk on May 14, 2023.
             Was an Elder of Fedhas.
             Killed from afar by an acid dragon (29 damage)
             ... with a splash of acid
             ... on level 9 of the Dungeon on May 15, 2023.
             The game lasted 00:38:15 (3313 turns).

Spectrina the Photosynthesist (Human Monk)          Turns: 3313, Time: 00:38:16

Health: -4/72      AC: 10    Str: 13    XL:     10   Next: 1%
Magic:  18/18      EV: 16    Int: 14    God:    Fedhas [****..]
Gold:   205        SH:  0    Dex: 15    Spells: 8/14 levels left

rFire   . . .        y - +1 whip (elec)
rCold   . . .        d - orb {light}
rNeg    + . .        j - +0 swamp dragon scales
rPois   +            (no helmet)
rElec   .            (no cloak)
rCorr   .            p - +0 pair of gloves
SInv    .            F - +1 pair of boots {Fly}
Will    .....        (no amulet)
Stlth   +            e - +5 ring of evasion
HPRegen 0.32/turn    w - ring of positive energy
MPRegen 0.16/turn

%: no passive effects
@: flying, glowing
A: no striking features
a: Renounce Religion, Wall of Briars, Grow Ballistomycete, Overgrow


You were on level 9 of the Dungeon.
You worshipped Fedhas.
Fedhas was greatly pleased with you.
You visited 1 branch of the dungeon, and saw 9 of its levels.

You collected 403 gold pieces.
You spent 198 gold pieces at shops.

Inventory:

Hand Weapons
 a - a +4 spear
 r - a +1 sling
 y - a +1 whip of electrocution (weapon)
 C - a +2 short sword of freezing
 D - a +0 quarterstaff
 E - a +2 dagger of venom
Armour
 d - an orb of light (worn)
 j - +0 swamp dragon scales (worn)
 n - a +1 leather armour of willpower
 p - a +0 pair of gloves (worn)
 q - +0 steam dragon scales
 F - a +1 pair of boots of flying (worn)
Magical Staves
 b - a staff of conjuration
Jewellery
 e - a +5 ring of evasion (left hand)
 k - a ring of willpower
 v - a ring of flight
 w - a ring of positive energy (right hand)
 I - a ring of resist corrosion
Wands
 H - a wand of acid (7)
Scrolls
 l - a scroll of amnesia {unknown}
 m - a scroll of poison {unknown}
 o - 2 scrolls of magic mapping
 s - a scroll of vulnerability {unknown}
 u - 2 scrolls of teleportation {unknown}
 x - a scroll of fear {unknown}
 z - a scroll of summoning {unknown}
 B - a scroll of immolation {unknown}
 G - a scroll of enchant weapon
Potions
 c - a potion of ambrosia
 f - 3 potions of curing
 g - 3 potions of degeneration {unknown}
 h - a potion of flight {unknown}
 i - a potion of resistance {unknown}
 t - 2 potions of attraction {unknown}
 A - 2 potions of mutation {unknown}


   Skills:
 - Level 4.2 Fighting
 - Level 4.0 Maces & Flails
 - Level 3.0 Dodging
 + Level 2.5 Spellcasting
 + Level 2.7 Conjurations
 + Level 2.8 Ice Magic
 + Level 2.9 Air Magic
 * Level 11.5 Invocations


You had 8 spell levels left.
You knew the following spells:

 Your Spells              Type           Power      Damage    Failure   Level
a - Magic Dart            Conj           36%        1d4       16%         1
m - Mephitic Cloud        Conj/Pois/Air  7%         N/A       56%         3
q - Poisonous Vapours     Pois/Air       10%        N/A       38%         2

Your spell library contained the following spells:

 Spells                   Type           Power      Damage    Failure   Level
 Kiss of Death            Conj/Necr      20%        2d7       28%         1
 Apportation              Tloc           2%         N/A       45%         1
 Call Imp                 Summ           2%         N/A       58%         2
 Sublimation of Blood     Necr           1%         N/A       58%         2
 Call Canine Familiar     Summ           1%         N/A       83%         3
 Confusing Touch          Hex            1%         N/A       83%         3
 Portal Projectile        Hex/Tloc       2%         N/A       83%         3
 Dispel Undead            Necr           1%         3d6       99%         4
 Leda's Liquefaction      Hex/Erth       0%         N/A       99%         4
 Petrify                  Tmut/Erth      1%         N/A       99%         4
 Freezing Cloud           Conj/Ice/Air   4%         6-21      99%         5
 Alistair's Intoxication  Tmut/Pois      0%         N/A       100%        5
 Irradiate                Conj/Tmut      2%         3d12      100%        5


Dungeon Overview and Level Annotations

Branches:
Dungeon (9/15)             Temple (0/1) D:7
   Lair: D:8-11         Orc: D:9-12

Altars:
Elyvilon
Fedhas
Gozag
Uskayaw
Wu Jian
Yredelemnul
Zin

Shops:
D:5 *   D:6 [

Annotations:
D:3 2 transporters, Sigmund; sympbizkit's ghost, weakling TrGl
D:5 1 runed translucent door, Mune's ghost, novice GrFE


Message History

Things that are here:
a +0 dagger; a +0 robe; an orc corpse
Found a glowing garnet ring.
Found an escape hatch in the floor.
You pick up a book of the Hunter and begin reading...
You add the spells Call Canine Familiar, Portal Projectile and Leda's Liquefaction to your library.
Okay, then.
Unknown command.
Okay, then.
I - a ring of resist corrosion
Found a white marble altar of Elyvilon.
Found a stone staircase leading down.
There is a stone staircase leading down here.
You fly downwards.
There is a stone staircase leading up here.
An acid dragon comes into view.
The acid dragon roars!
The acid dragon completely misses you. The acid dragon claws you.
You hit the acid dragon.
The acid dragon is lightly wounded.
You hit the acid dragon.
The acid dragon is moderately wounded.
The acid dragon bites you but does no damage.
The acid dragon misses you.
You completely miss the acid dragon.
The acid dragon is moderately wounded.
The acid dragon bites you but does no damage.
The acid dragon claws you but does no damage.
You hit the acid dragon but do no damage.
The acid dragon is moderately wounded.
The acid dragon bites you. The acid dragon closely misses you.
You hit the acid dragon.
The acid dragon is moderately wounded.
The acid dragon closely misses you. The acid dragon claws you.
You hit the acid dragon.
The acid dragon is heavily wounded.
The acid dragon spits acid at you. The splash of acid hits you!!
You die...
Fedhas appreciates your contribution to the ecosystem.

#.#####
.#...#
...#.##
#.....#
#.....#
#.....#
#.....#
#.@D..#
#.###.#
#.# #.#
###.#
#..<#
#####


You could see an acid dragon (catching breath).

Vanquished Creatures
  Maggie (D:6)
  Grinder (D:3)
  A steam dragon (D:8)
  A water moccasin (D:6)
  2 ice beasts
  4 black bears
  An ogre (D:4)
  2 centaurs
  2 bullfrogs (D:6)
  A kobold brigand (D:8)
  2 scorpions
  5 wights
  5 killer bees (D:7)
  A jelly (D:6)
  4 hounds
  2 orc priests
  3 orc wizards
  Robin (D:3)
  3 gnolls (D:4)
  5 adders
  2 white imps
  2 ufetubi (D:5)
  3 worms
  6 orcs
  13 ball pythons
  8 endoplasms
  2 giant cockroaches
  14 goblins
  14 hobgoblins
  11 kobolds
  5 quokkas
  5 bats
  7 rats
139 creatures vanquished.

Vanquished Creatures (collateral kills)
  4 ballistomycete spores (D:6)
4 creatures vanquished.

Vanquished Creatures (others)
  A hound (D:5)
  An iguana (D:5)
  A giant cockroach (D:5)
  3 jackals (D:5)
  A quokka (D:5)
7 creatures vanquished.

Grand Total: 150 creatures vanquished

Notes
Turn   | Place    | Note
-------+----------+-------------------------------------------
     0 | D:1      | Spectrina the Human Monk began the quest for the Orb.
     0 | D:1      | Reached XP level 1. HP: 18/18 MP: 1/1
    75 | D:1      | Reached XP level 2. HP: 24/24 MP: 2/2
   244 | D:1      | Reached XP level 3. HP: 28/29 MP: 3/3
   468 | D:3      | Noticed Sigmund
   580 | D:2      | Reached XP level 4. HP: 37/37 MP: 4/4
   594 | D:2      | Learned a level 1 spell: Magic Dart
   600 | D:3      | Noticed Robin
   955 | D:3      | Identified the +1 dire flail of Lies {protect, rC+ Int+3
                  | SInv}
   955 | D:3      | Noticed an ogre
   955 | D:3      | Found a transporter.
   955 | D:3      | Noticed sympbizkit's ghost (weakling TrGl)
   960 | D:3      | Noticed an ogre
   978 | D:3      | Found a transporter.
  1021 | D:3      | Found a faded altar of an unknown god.
  1024 | D:3      | Found a hide-covered altar of Uskayaw.
  1030 | D:3      | Prayed at the altar of an unknown god.
  1030 | D:3      | Became a worshipper of Fedhas Madash
  1030 | D:3      | Reached * piety under Fedhas
  1030 | D:3      | Reached ** piety under Fedhas
  1051 | D:3      | Noticed Grinder
  1068 | D:3      | Reached skill level 1 in Invocations
  1075 | D:3      | Killed Grinder
  1076 | D:3      | Reached skill level 4 in Invocations
  1076 | D:3      | Reached XP level 5. HP: 25/42 MP: 4/8
  1076 | D:3      | Reached XP level 6. HP: 29/48 MP: 4/9
  1102 | D:3      | Reached *** piety under Fedhas
  1106 | D:3      | Killed Robin
  1145 | D:4      | Reached skill level 5 in Invocations
  1357 | D:5      | Entered Level 5 of the Dungeon
  1357 | D:5      | Noticed a black bear
  1366 | D:4      | Reached XP level 7. HP: 43/54 MP: 9/11
  1464 | D:5      | Found a runed translucent door.
  1495 | D:4      | Reached skill level 6 in Invocations
  1604 | D:5      | Reached skill level 7 in Invocations
  1635 | D:5      | Found an opulent altar of Gozag.
  1688 | D:6      | Reached XP level 8. HP: 37/60 MP: 13/13
  1704 | D:6      | Reached skill level 8 in Invocations
  1769 | D:6      | Found a basalt altar of Yredelemnul.
  1852 | D:5      | Noticed Mune's ghost (novice GrFE)
  1907 | D:5      | Found Joajuc's Mass Market.
  1951 | D:5      | Reached skill level 9 in Invocations
  2101 | D:5      | Found a glowing silver altar of Zin.
  2225 | D:7      | Found a staircase to the Ecumenical Temple.
  2286 | D:6      | Reached skill level 10 in Invocations
  2292 | D:6      | Noticed Maggie
  2300 | D:6      | Reached XP level 9. HP: 31/65 MP: 10/16
  2309 | D:6      | Killed Maggie
  2310 | D:6      | Reached skill level 1 in Spellcasting
  2310 | D:6      | Reached skill level 1 in Conjurations
  2310 | D:6      | Reached skill level 1 in Ice Magic
  2310 | D:6      | Reached skill level 1 in Air Magic
  2313 | D:6      | Learned a level 2 spell: Poisonous Vapours
  2317 | D:6      | Learned a level 3 spell: Mephitic Cloud
  2328 | D:6      | Found an ornate altar of the Wu Jian Council.
  2505 | D:6      | Found Bavyur's Armour Shoppe.
  2509 | D:6      | Bought a +1 pair of boots of flying for 198 gold pieces
  2590 | D:6      | Reached skill level 11 in Invocations
  2646 | D:6      | Reached **** piety under Fedhas
  3243 | D:8      | Reached XP level 10. HP: 18/72 MP: 18/18
  3281 | D:8      | Found a white marble altar of Elyvilon.
  3313 | D:9      | Killed from afar by an acid dragon

Illustrated notes

Levels and vault maps discovered:
D:1:      roderic_crossed_star, layout_basic
D:2:      layout_basic, minivault_25, minmay_circle_x
D:3:      layout_rooms, nicolae_overflow_ecumenical_swirl,
          mainiacjoe_overflow_alcove_1, gammafunk_ghost_smash, uniq_robin,
          uniq_grinder, uniq_sigmund
D:4:      layout_cave_pods, mainiacjoe_overflow_boulevard
D:5:      layout_rooms, mainiacjoe_overflow_alcove_4, grunt_gozag_breadcrumbs,
          ebering_ghost_reflecting_pool, minmay_shop_mass,
          amcnicky_mini_pool_medium
D:6:      layout_basic, nicolae_wu_jian_wuxing_cycle,
          mainiacjoe_overflow_alcove_2, serial_shops, shop, item_on_display_a,
          uniq_maggie
D:7:      kennysheep_seaside_town, layout_loops_cross,
          minmay_temple_entry_stoned_glass, gammafunk_ghost_abyssal_escape,
          david_defended_altar_orc, uniq_duvessa
D:8:      layout_cave_pools, vehumet_statue, nicolae_qazlal_style_of_elements,
          kennysheep_mini, mainiacjoe_overflow_brackets, lemuel_doored_altar
D:9:      cheibrodos_two_vegetables, layout_basic,
          nicolae_overflow_hidden_temple, dpeg_lair_monsters, orc_david_3,
          uniq_maurice, uniq_gastronok

Skill      XL: |  1  2  3  4  5  6  7  8  9 |
---------------+----------------------------+-----
Maces & Flails | 4 |  4.0
Fighting       | 4 |  4.2
Invocations    | 4 5 7 10 11 | 11.5
Spellcasting   | 2 |  2.5
Conjurations   | 2 |  2.7
Ice Magic      | 2 |  2.8
Air Magic      | 2 |  2.9
Dodging        | |  3.0

Action                     |  1- 3 |  4- 6 |  7- 9 | 10-12 || total
---------------------------+-------+-------+-------+-------++-------
  Melee: Mace              |   103 |    18 |     1 |       ||   122
         Dagger            |       |    54 |    86 |       ||   140
         Whip              |       |       |   152 |    10 ||   162
   Fire: Sling             |       |    30 |    15 |       ||    45
   Cast: Magic Dart        |       |    16 |    27 |       ||    43
 Invoke: Grow Ballistomyce |       |       |     1 |       ||     1
    Use: Scroll            |       |     3 |     1 |       ||     4
         Potion            |       |     2 |     1 |       ||     3
 Armour: Robe              |    12 |    25 |     1 |       ||    38
         Leather armour    |       |       |    54 |       ||    54
         Swamp dragon scal |       |       |     9 |     3 ||    12
  Dodge: Dodged            |    90 |   127 |   294 |     5 ||   516
